AoeStats
← THL

Arabia

509097437Analyzed
1v1 RM · 8d ago on Sep 25, 2026· 23m 47s· 2 players
Game mode
Random Map
Map size
Tiny (2 player)
Population
200
Speed
Normal
Resources
Standard
Victory
Conquest
Starting age
Dark Age
Ending age
Imperial Age
RankedLock teamsTeams togetherTeam positionsShared explorationLock speedFull tech treeHidden civsTurbo modeCheats
Victory
Defeat
🇻🇳 Tatars · Vietnam
1782
+13
🇨🇱 Lithuanians · Chile
1706
-13
L10N
5:29 Loom
6:17 Loom
8:16 Feudal Age
9:23 Town Watch
11:21 Double-Bit Axe
18:01 Wheelbarrow
20:31 Castle Age
19:06 Horse Collar
19:40 Fletching
21:37 Bow Saw
21:24 Bodkin Arrow
21:51 Padded Archer Armor
21:40 Elite Skirmisher
24:00 Leather Archer Armor
THL
6:01 Loom
9:12 Feudal Age
12:58 Double-Bit Axe
20:56 Castle Age
19:26 Gold Mining
19:58 Fletching
19:51 Horse Collar
21:09 Crossbowman
21:54 Bodkin Arrow
Connection lost

Rejoining the realm…

Still unreachable

The connection could not be restored.

Session expired

The server has moved on; the page needs a fresh start.